 Dungeon Crawl Stone Soup version 0.28-a0-998-gb9e9c7b67e (webtiles) character file.

Game seed: 9387008180949227244

4725 Gwenloh the Frost Mage (level 10, -7/75 HPs)
             Began as a Deep Dwarf Ice Elementalist on Dec 5, 2021.
             Was a Follower of Makhleb.
             Killed from afar by a gargoyle (14 damage)
             ... with a stone arrow
             ... on level 7 of the Dungeon.
             The game lasted 00:43:17 (8360 turns).

Gwenloh the Frost Mage (DDIE)                       Turns: 8360, Time: 00:43:18

Health: -7/75      AC: 15    Str: 12    XL:     10   Next: 22%
Magic:  15/24 (15) EV: 12    Int: 20    God:    Makhleb [*.....]
Gold:   320        SH:  0    Dex: 13    Spells: 8/23 levels left

rFire   . . .      SeeInvis .   n - +0 trident
rCold   . . .      Faith    .   (no shield)
rNeg    . . .      Spirit   .   z - +0 steam dragon scales
rPois   .          Reflect  .   (no helmet)
rElec   .          Harm     .   a - +0 cloak
rCorr   .          Rampage  .   (no gloves)
Will    +....                   (no boots)
Stlth   ++........              o - amulet of the acrobat
HPRegen 0.00/turn               p - ring of magical power
MPRegen 0.19/turn               (no ring)

@: ice-armoured, freezing walls
A: damage resistance, heal wounds, sense surroundings 2, no regeneration
a: Heal Wounds, Renounce Religion


You were on level 7 of the Dungeon.
You worshipped Makhleb.
Makhleb was aware of your devotion.
You visited 2 branches of the dungeon, and saw 8 of its levels.

You collected 320 gold pieces.

Inventory:

Hand Weapons
 b - a +0 whip
 n - a +0 trident (weapon)
Missiles
 q - 138 stones (quivered)
Armour
 a - a +0 cloak (worn)
 z - +0 steam dragon scales (worn)
Magical Staves
 i - a staff of earth
Jewellery
 k - a ring of fire
 o - an amulet of the acrobat (around neck)
 p - a ring of magical power (left hand)
Wands
 l - a wand of iceblast (7)
 t - a wand of charming (2)
Scrolls
 d - 2 scrolls of fog
 e - 2 scrolls of fear
 g - 3 scrolls of enchant armour
 h - 5 scrolls of teleportation
 r - a scroll of noise {unknown}
 v - a scroll of brand weapon {unknown}
 w - a scroll of amnesia {unknown}
 y - a scroll of torment {unknown}
Potions
 c - 4 potions of attraction {unknown}
 f - 8 potions of curing
 j - 2 potions of mutation {unknown}
 m - a potion of heal wounds {unknown}
 s - a potion of brilliance {unknown}
 u - a potion of lignification {unknown}
 x - a potion of haste


   Skills:
 - Level 5.0 Armour
 - Level 2.1 Dodging
 - Level 2.4 Stealth
 + Level 7.3 Spellcasting
 + Level 8.1 Necromancy
 + Level 8.6 Ice Magic
 - Level 3.0 Earth Magic


You had 8 spell levels left.
You knew the following spells:

 Your Spells              Type           Power      Damage    Failure   Level
a - Freeze                Ice            100%       1d11      1%          1
b - Frozen Ramparts       Ice            82%        1d10      1%          3
c - Dispel Undead         Necr           39%        3d16      3%          4
d - Ozocubu's Armour      Ice            41%        N/A       1%          3
e - Hailstorm             Conj/Ice       24%        3d7       16%         4

Your spell library contained the following spells:

 Spells                   Type           Power      Damage    Failure   Level
 Corpse Rot               Necr/Air       46%        N/A       2%          2
 Passwall                 Tmut/Erth      10%        N/A       8%          2
 Ignite Poison            Fire/Tmut/Pois 7%         N/A       28%         3
 Mephitic Cloud           Conj/Pois/Air  7%         N/A       28%         3
 Swiftness                Air            7%         N/A       28%         3
 Tukima's Dance           Hex            7%         N/A       28%         3
 Metabolic Englaciation   Hex/Ice        12%        N/A       41%         5
 Petrify                  Tmut/Erth      13%        N/A       45%         4
 Death Channel            Necr           19%        N/A       45%         6
 Freezing Cloud           Conj/Ice/Air   9%         6-21      61%         5
 Passage of Golubria      Tloc           7%         N/A       67%         4
 Summon Lightning Spire   Summ/Air       7%         N/A       67%         4
 Yara's Violent Unravell  Hex/Tmut       3%         3d4       95%         5
 Statue Form              Tmut/Erth      8%         N/A       100%        6
 Storm Form               Tmut/Air       3%         N/A       100%        7
 Maxwell's Capacitive Co  Air            3%         ∞         100%        8


Dungeon Overview and Level Annotations

Branches:
Dungeon (7/15)             Temple (1/1) D:5

Altars:
Ashenzari
Cheibriados
Dithmenos
Elyvilon
Fedhas
Gozag
Hepliaklqana
Kikubaaqudgha
Makhleb
Nemelex Xobeh
Okawaru
Qazlal
Ru
Sif Muna
Trog
Uskayaw
Vehumet
Wu Jian
Xom
Yredelemnul
Zin
The Shining One

Annotations:
D:3 1 runed translucent door, heinrich's ghost, amateur DsGl
D:7 2 transporters, VincentAMV's ghost, novice SpEn


Innate Abilities, Weirdness & Mutations

You are resistant to damage.
You can heal yourself by infusing magical energy.
You passively map the area around you.
You do not regenerate.


Message History

The gnoll sergeant shouts!
Found a stone staircase leading down.
A gargoyle is nearby!
You see here a +0 antimagic spear.
Items here: ))) [.
Things that are here:
a +0 mace; a +0 club
Items here: ))) [.
The gargoyle hurls a stone arrow at you.
The stone arrow hits you!!
* * * LOW HITPOINT WARNING * * *
You fail to use your ability.
You feel much better.
You feel much better.
The gargoyle hurls a stone arrow at you.
The stone arrow hits you!
Casting: Freeze (safe; 1% risk of failure)
Confirm with . or Enter, or press ? or * to list all spells.
Casting: Frozen Ramparts (safe; 1% risk of failure)
Press: ? - help, Dir - look around, f - activate The walls around you are covered in ice.
The gargoyle hurls a stone arrow at you.
The stone arrow hits you!!
* * * LOW HITPOINT WARNING * * *
Unknown command.
Casting: Frozen Ramparts (safe; 1% risk of failure)
Confirm with . or Enter, or press ? or * to list all spells.
You cannot sustain more frozen ramparts right now.
Casting: Frozen Ramparts (safe; 1% risk of failure)
Confirm with . or Enter, or press ? or * to list all spells.
A film of ice covers your body!
The gargoyle hurls a stone arrow at you.
The stone arrow hits you!
* * * LOW HITPOINT WARNING * * *
Casting: Ozocubu's Armour (safe; 1% risk of failure)
Confirm with . or Enter, or press ? or * to list all spells.
Your icy armour thickens.
The gargoyle hurls a stone arrow at you.
The stone arrow hits you!
You die...

##.#...#.###....#.#.......#)#....
####...........##'.......'##....
##.##..#....##....8....##...#
########...##'.......'##...#
##.....#8#.......#.#....
#......###'.....'###....
##..>...#.##'.'##8#.....
####...###8###8###.....
#..@..####*##....... #$.##.9....
........ #.#...#.....#.......
#..#..........<......
#..#..#9.###......#.. ##...## .#
###....# ##... # #....#, ..# *
*....... ,.. .......#


You could see a gargoyle.

Vanquished Creatures
  A boulder beetle (D:7)
  5 gargoyles (D:7)
  Maggie (D:6)
  2 hornets
  Duvessa (D:6)
  3 water moccasins
  A sky beast (D:6)
  4 ogres
  A necrophage (D:4)
  A bullfrog (D:6)
  4 scorpions
  A water moccasin zombie (D:6)
  A wyvern skeleton (D:6)
  Dowan (D:6)
  A centaur zombie (D:7)
  Crazy Yiuf (D:6)
  3 jellies
  A gnoll shaman (D:7)
  A hound (D:5)
  Terence (D:3)
  2 iguanas
  An orc wizard (D:5)
  A killer bee zombie (D:4)
  A hound skeleton (D:4)
  5 adders
  5 gnolls (D:7)
  A howler monkey skeleton (D:7)
  A river rat (D:3)
  An adder skeleton (D:4)
  A worm (D:3)
  3 dart slugs (D:1)
  24 orcs
  7 bats
  A bat skeleton (D:2)
  4 endoplasms
  7 giant cockroaches
  8 goblins
  5 hobgoblins
  8 jackals
  8 kobolds
  5 quokkas
  11 ball pythons
  4 frilled lizards (D:1)
  4 rats
153 creatures vanquished.

Vanquished Creatures (others)
  10 plants
10 creatures vanquished.

Grand Total: 163 creatures vanquished

Notes
Turn   | Place    | Note
-------+----------+-------------------------------------------
     0 | D:1      | Gwenloh the Deep Dwarf Ice Elementalist began the quest for
                  | the Orb.
     0 | D:1      | Reached XP level 1. HP: 15/15 MP: 3/3
    22 | D:1      | Found a faded altar of an unknown god.
   217 | D:1      | Reached XP level 2. HP: 22/22 MP: 3/5
   281 | D:1      | Reached skill level 1 in Armour
   756 | D:1      | Reached XP level 3. HP: 24/28 MP: 1/6
  1090 | D:2      | Learned a level 3 spell: Frozen Ramparts
  1198 | D:2      | Noticed a scorpion
  1609 | D:2      | Killed a scorpion
  1610 | D:2      | Reached XP level 4. HP: 13/36 MP: 0/8
  2041 | D:2      | Reached XP level 5. HP: 42/42 MP: 1/9
  2278 | D:3      | Noticed heinrich's ghost (amateur DsGl)
  2279 | D:3      | Upgraded the game from 0.28-a0-991-g956f0ee3d5 to
                  | 0.28-a0-998-gb9e9c7b67e
  2321 | D:3      | Learned a level 4 spell: Dispel Undead
  2322 | D:3      | Noticed Terence
  2335 | D:3      | Killed Terence
  2423 | D:3      | You fall into a shaft and drop 3 floors!
  2423 | D:6      | Noticed a water moccasin
  2428 | D:6      | Killed a water moccasin
  2429 | D:6      | Reached XP level 6. HP: 38/49 MP: 4/10
  2667 | D:7      | Noticed a boulder beetle
  2772 | D:5      | Entered Level 5 of the Dungeon
  3473 | D:3      | Found a runed translucent door.
  3504 | D:3      | Reached skill level 5 in Ice Magic
  4236 | D:3      | Learned a level 3 spell: Ozocubu's Armour
  4336 | D:4      | Reached skill level 1 in Necromancy
  4336 | D:4      | Reached XP level 7. HP: 24/55 MP: 12/12
  5146 | D:5      | Noticed a hornet
  5150 | D:5      | Killed a hornet
  5151 | D:5      | Reached skill level 5 in Armour
  5190 | D:5      | Found a hide-covered altar of Uskayaw.
  5193 | D:5      | Found a broken altar of Ashenzari.
  5244 | D:5      | Found a staircase to the Ecumenical Temple.
  5253 | Temple   | Entered the Ecumenical Temple
  5573 | Temple   | Became a worshipper of Makhleb the Destroyer
  5679 | D:5      | Reached XP level 8. HP: 50/62 MP: 12/12
  6025 | D:6      | Learned a level 4 spell: Hailstorm
  6165 | D:6      | Noticed Duvessa
  6165 | D:6      | Noticed Dowan
  6173 | D:6      | Killed Dowan
  6183 | D:6      | Killed Duvessa
  6184 | D:6      | Reached skill level 5 in Spellcasting
  6669 | D:6      | Found a runed translucent door.
  6670 | D:6      | Noticed Crazy Yiuf
  6811 | D:6      | Reached skill level 5 in Necromancy
  6903 | D:6      | Identified the +1 ring mail of Jonyl {Dex+2 Slay+5}
  6960 | D:6      | Noticed Maggie
  6970 | D:6      | Killed Maggie
  6971 | D:6      | Gained mutation: You passively map the area around you.
                  | [Deep Dwarf growth]
  6971 | D:6      | Reached XP level 9. HP: 53/68 MP: 9/12
  7210 | D:6      | Killed Crazy Yiuf
  7317 | D:7      | Found a transporter.
  7512 | D:7      | Reached * piety under Makhleb
  7515 | D:7      | Noticed a gargoyle
  7542 | D:7      | Found a transporter.
  7623 | D:7      | Noticed a gargoyle
  7648 | D:7      | Noticed a gargoyle
  7657 | D:7      | Killed a gargoyle
  7683 | D:7      | Killed a gargoyle
  7803 | D:7      | Noticed a gargoyle
  7825 | D:7      | Killed a gargoyle
  7832 | D:7      | Killed a boulder beetle
  7833 | D:7      | Reached XP level 10. HP: 60/75 MP: 6/15
  7883 | D:7      | Noticed a gargoyle
  7897 | D:7      | Killed a gargoyle
  8040 | D:7      | Noticed a gargoyle
  8053 | D:7      | Killed a gargoyle
  8254 | D:7      | Noticed VincentAMV's ghost (novice SpEn)
  8279 | D:7      | Identified the amulet of the Six Shrikes {RegenMP rC+ Will-
                  | Int+2 Dex+8}
  8301 | D:7      | Identified the +10 trident of Honour {chaos, rF+}
  8360 | D:7      | Killed from afar by a gargoyle

Illustrated notes

Levels and vault maps discovered:
D:1:      sevenhm_arrival_forest_fort_small_6, layout_rooms,
          nicolae_ecumenical_snake_handling, serial_glass, glass_columns_a,
          glass_columns_a
D:2:      layout_basic, minmay_divided_ellipse
D:3:      layout_basic, hellmonk_ghost_happy_afterlife, gup_sewer_entry_bubbles,
          roderic_roman_lattice, chequers_big_river, guppyfry_early_orc_mine,
          uniq_terence
D:4:      layout_cave_pools, kennysheep_big_empty_room, kennysheep_windowed_goal
D:5:      layout_cave_pools, mainiacjoe_overflow_catwalk_spiral,
          minmay_temple_entry_statues_pillars, grunt_ministairs_8, minmay_holes,
          minmay_misc_feat_chi
D:6:      layout_basic, dk_vineyard_2, uniq_maggie, uniq_crazy_yiuf_cottage,
          uniq_duvessa
D:7:      cheibrodos_statue_roulette, layout_cave_pools,
          gammafunk_ghost_gnarly_gnolls, kennysheep_crisscross,
          hellmonk_bongcloud_opening
Temple:   mainiacjoe_temple_cubbyholes

Skill      XL: |  1  2  3  4  5  6  7  8  9 10 |
---------------+-------------------------------+-----
Spellcasting   | 2 3 4 5 7 |  7.3
Armour         | 1 2 3 4 5 |  5.0
Ice Magic      | 4 5 7 8 |  8.6
Earth Magic    | 2 3 |  3.0
Necromancy     | 1 3 5 7 8 |  8.1
Dodging        | |  2.1
Stealth        | |  2.4

Action                   |  1- 3 |  4- 6 |  7- 9 | 10-12 || total
-------------------------+-------+-------+-------+-------++-------
Melee: Unarmed           |     1 |       |       |       ||     1
       Whip              |    15 |     5 |       |       ||    20
       Trident           |       |    28 |    52 |     5 ||    85
Throw: Stone             |       |    12 |    24 |     1 ||    37
 Cast: Freeze            |    53 |    33 |    73 |     6 ||   165
       Frozen Ramparts   |     7 |    16 |    34 |     2 ||    59
       Ozocubu's Armour  |       |       |    10 |     4 ||    14
       Dispel Undead     |       |       |     8 |       ||     8
       Hailstorm         |       |       |     1 |     3 ||     4
 Abil: Heal Wounds       |     2 |     1 |    13 |     2 ||    18
Evoke: Wand              |       |       |     4 |       ||     4
  Use: Scroll            |       |       |     4 |     1 ||     5
 Stab: Sleeping          |     1 |     3 |     4 |       ||     8
Armor: Robe              |    13 |     7 |    10 |       ||    30
       Steam dragon scal |       |       |    13 |     4 ||    17
Dodge: Dodged            |    46 |    33 |    68 |     2 ||   149

Table legend: (Time is in decaauts)
 A = Elapsed time spent in this place.
 B = Non-inter-level travel time spent in this place.
 C = Inter-level travel time spent in this place.
 D = Time resting spent in this place.
 E = Time spent auto-exploring this place.
 F = Levels seen in this place.
 G = Mean time per level.
                   A        B        C        D        E       F      G
               +--------+--------+--------+--------+--------+-----+--------+
         Total |   8441 |   8153 |    288 |    999 |   5162 |   8 | 1055.1 |
       Dungeon |   8085 |   7832 |    253 |    999 |   4873 |   7 | 1155.0 |
        Temple |    356 |    321 |     35 |      0 |    289 |   1 |  356.0 |
               +--------+--------+--------+--------+--------+-----+--------+

Top non-repeatable levels by time:
     D:6: 1650 daAuts
     D:3: 1456 daAuts
     D:2: 1203 daAuts
     D:7: 1064 daAuts
     D:1: 1012 daAuts
     D:4: 878 daAuts
     D:5: 819 daAuts
  Temple: 356 daAuts
